 Dungeon Crawl Stone Soup version 0.24-a0-251-g44e327ef01 (webtiles) character file.

Game seed: 16379604068494110083

1651 Redear the Sneak (level 9, 0/62 HPs)
             Began as an Octopode Fighter on Apr 17, 2019.
             Slain by an orc wizard
             ... wielding a +0 battleaxe
              (5 damage)
             ... on level 6 of the Dungeon.
             The game lasted 00:10:01 (5215 turns).

Redear the Sneak (Octopode Fighter)                 Turns: 5215, Time: 00:10:01

Health: 0/62       AC:  3    Str: 16    XL:     9   Next: 0%
Magic:  9/9        EV: 14    Int: 10    God:
Gold:   106        SH: 10    Dex: 14    Spells: 8/8 levels left

rFire    + . .     SeeInvis .   a - +0 long sword
rCold    + . .     Gourm    .   b - +0 shield
rNeg     . . .     Faith    .   f - +2 hat
rPois    +         Spirit   .   (no amulet)
rElec    +         Reflect  .   m - ring of protection from magic {MR+}
rCorr    +         Harm     .   (no ring)
MR       +....                  (no ring)
Stlth    ++++......             (no ring)
HPRegen  0.20/turn              (no ring)
MPRegen  0.11/turn              (no ring)
                                (no ring)
                                (no ring)

@: resistant
A: almost no armour, stealthy swim, amphibious, 8 rings, constrict 8, camouflage
1, gelatinous body 1
a: no special abilities


You were on level 6 of the Dungeon.
You were hungry.

You visited 1 branch of the dungeon, and saw 6 of its levels.
You also visited: Ossuary.

You collected 517 gold pieces.
You spent 411 gold pieces at shops.

Inventory:

Hand Weapons
 a - a +0 long sword (weapon)
 l - a +2 whip of electrocution
Missiles
 j - 65 bolts
 p - 60 sling bullets
 u - 7 javelins (quivered)
Armour
 b - a +0 shield (worn)
 f - a +2 hat (worn)
 x - a +0 large shield
 y - a +0 buckler of fire resistance {rF+}
Jewellery
 m - a ring of protection from magic (left tentacle) {MR+}
Wands
 s - a wand of random effects (12)
 S - a wand of scattershot (6)
Scrolls
 d - 2 scrolls of fog {unknown}
 e - 3 scrolls of enchant armour {unknown}
 i - a scroll of magic mapping {unknown}
 k - 2 scrolls of enchant weapon {unknown}
 n - 3 scrolls of amnesia
 r - a scroll of immolation {unknown}
 t - 5 scrolls of random uselessness {unknown}
 v - a scroll of teleportation {unknown}
 N - 4 scrolls of remove curse {@r2}
 R - a scroll of identify {@r1}
Potions
 c - 5 potions of might {Str+5 DMG+1d10 | @q3}
 g - a potion of mutation {unknown}
 h - 2 potions of heal wounds {unknown}
 o - 3 potions of resistance {rF+ rC+ rPois rElec rCorr}
 q - 3 potions of degeneration {!q}
 w - 5 potions of lignification
 A - 4 potions of flight {unknown}
 B - a potion of cancellation {unknown}
 Q - 5 potions of curing {@q2}
Comestibles
 z - 12 rations


   Skills:
 + Level 5.9 Fighting
 + Level 5.3 Long Blades
 + Level 5.8 Dodging
 - Level 6.1 Stealth
 + Level 5.9 Shields


You had 8 spell levels left.
You didn't know any spells.
Your spell library contained the following spells:

 Spells                   Type           Power        Failure   Level  Hunger
 Animate Skeleton         Necr           N/A          77%         1    ##.....
 Apportation              Tloc           #.....       77%         1    ##.....
 Confusing Touch          Hex            #.....       77%         1    ##.....
 Summon Small Mammal      Summ           #...         77%         1    ##.....


Dungeon Overview and Level Annotations

Branches:
Dungeon (6/15)
 Temple: D:4-7

Altars:
Makhleb
Trog

Shops:
D:4 [   D:5 [

Annotations:
D:4 1 runed translucent door, Crazy Yiuf


Innate Abilities, Weirdness & Mutations

You cannot wear most types of armour.
You are very stealthy in the water. (Stealth+)
You are amphibious.
You can wear up to eight rings at the same time.
You can use your tentacles to constrict eight enemies at once.
Your skin changes colour to match your surroundings (Stealth+).
Your rubbery body absorbs attacks. (AC +1, EV +1)


Message History

The magic dart hits you! You block the quokka's attack.
The orc warrior hits you with a +0 hand axe!
You take 24 damage, and have 28/62 hp.
MASSIVE DAMAGE!!
Unknown command.
You hit the orc warrior.
You squeeze the orc warrior, but do no damage.
The orc warrior is almost dead.
You constrict the orc warrior, but do no damage.
Something hits you but does no damage. You block the quokka's attack.
The orc warrior hits you with a +0 hand axe!!
* * * LOW HITPOINT WARNING * * *
Something barely misses you.
You take 23 damage, and have 5/62 hp.
MASSIVE DAMAGE!!
Unknown command.
You release your grip on the orc warrior.
You block the quokka's attack.
It was a potion of resistance.
You feel protected. Something hits you.
You die...

#.# #.## ...#
#.. #.# #.# #.#
#
#.#####<#####.##
$......@r.......
.#..$..o.##.###.
...#####†>).# ..
#†##.# #.# ..
... #). ##.# ..
#.. . ###


You could see an orc warrior and a quokka.

Vanquished Creatures
  Grinder (D:3)
  Sigmund (D:3)
  3 phantoms
  A sky beast (D:6)
  Blork the orc (D:5)
  2 scorpions
  A howler monkey (D:4)
  A crimson imp (D:5)
  3 hounds
  An orc priest (D:3)
  6 worker ants
  2 orc wizards
  A big kobold zombie (Ossuary)
  A hound zombie (D:5)
  8 mummies (Ossuary)
  A howler monkey zombie (D:5)
  Robin (D:2)
  6 adders
  4 gnolls (D:5)
  An ooze (D:1)
  2 adder skeletons (D:4)
  A worm (D:3)
  2 dart slugs (D:2)
  2 leopard geckos
  12 orcs
  2 ball pythons
  5 bats
  11 giant cockroaches
  15 goblins
  16 hobgoblins
  6 kobolds
  3 quokkas
  2 frilled lizards (D:2)
  3 gnoll zombies (Ossuary)
  A hobgoblin zombie (Ossuary)
  2 kobold zombies (Ossuary)
  An orc zombie (Ossuary)
  5 rats
137 creatures vanquished.

Notes
Turn   | Place    | Note
-------+----------+-------------------------------------------
     0 | D:1      | Redear the Octopode Fighter began the quest for the Orb.
     0 | D:1      | Reached XP level 1. HP: 16/16 MP: 1/1
   149 | D:1      | Reached XP level 2. HP: 21/21 MP: 2/2
   382 | D:1      | Reached skill level 1 in Stealth
   636 | D:2      | Reached XP level 3. HP: 11/26 MP: 3/3
   877 | D:2      | Reached skill level 2 in Stealth
   877 | D:2      | Reached XP level 4. HP: 29/31 MP: 4/4
   948 | D:2      | Noticed Robin
   967 | D:2      | Killed Robin
  1321 | D:2      | Reached XP level 5. HP: 31/36 MP: 5/5
  1493 | D:3      | Noticed Grinder
  1534 | D:3      | Reached skill level 3 in Long Blades
  1534 | D:3      | Reached skill level 3 in Stealth
  1597 | D:3      | Reached XP level 6. HP: 14/43 MP: 6/6
  1901 | D:3      | Reached skill level 4 in Fighting
  1901 | D:3      | Reached skill level 4 in Dodging
  1901 | D:3      | Reached skill level 4 in Shields
  1977 | D:3      | Noticed Sigmund
  1981 | D:3      | Killed Sigmund
  1981 | D:3      | Reached skill level 4 in Stealth
  2140 | D:3      | Killed Grinder
  2140 | D:3      | Reached XP level 7. HP: 36/49 MP: 7/7
  2326 | D:4      | Found Elyuggeh's Armour Shop.
  2415 | D:4      | Reached skill level 4 in Long Blades
  2479 | D:4      | Reached skill level 5 in Stealth
  2684 | D:4      | Reached XP level 8. HP: 8/54 MP: 8/8
  3292 | D:4      | Reached skill level 5 in Fighting
  3292 | D:4      | Reached skill level 5 in Dodging
  3292 | D:4      | Reached skill level 5 in Shields
  3349 | D:4      | Found a runed translucent door.
  3350 | D:4      | Noticed Crazy Yiuf
  3524 | D:4      | Bought a +2 hat for 192 gold pieces
  3524 | D:4      | Bought a +0 large shield for 54 gold pieces
  3556 | D:5      | Entered Level 5 of the Dungeon
  3726 | D:5      | Reached skill level 6 in Stealth
  3939 | D:5      | Found a sand-covered staircase.
  3947 | Ossuary  | Entered an ossuary
  4366 | D:5      | Found a burning altar of Makhleb.
  4403 | D:5      | Found Jaumioz's Antique Armour Boutique.
  4412 | D:5      | Found a bloodstained altar of Trog.
  4422 | D:5      | Reached skill level 5 in Long Blades
  4442 | D:5      | Bought a shiny buckler for 165 gold pieces
  4513 | D:5      | Noticed Blork the orc
  4629 | D:5      | Killed Blork the orc
  5206 | D:6      | Reached XP level 9. HP: 54/62 MP: 9/9
  5213 | D:6      | HP: 5/62 [orc warrior/+0 hand axe (23)]
  5215 | D:6      | Slain by an orc wizard

Levels and vault maps discovered:
D:1:      psy_arrival_spokes, layout_loops_ring
D:2:      layout_loops_ring, uniq_robin
D:3:      layout_basic, first_ration, uniq_grinder, uniq_sigmund
D:4:      layout_loops_ring, serial_shops, shop, uniq_crazy_yiuf_cottage
D:5:      layout_basic, lemuel_crystal_altar, nicolae_ossuary_entry_monument,
          serial_shops, kennysheep_mini, makhleb_heckhound_becter,
          uniq_blork_the_orc
D:6:      layout_loops_ring, gammafunk_ghost_hive, uniq_eustachio
Ossuary:  ossuary_tomb_3

Skill      XL: |  1  2  3  4  5  6  7  8 |
---------------+-------------------------+-----
Stealth        | 1 2 3 4 5 6 |  6.1
Long Blades    | 3 4 5 |  5.3
Fighting       | 4 5 |  5.9
Dodging        | 4 5 |  5.8
Shields        | 4 5 |  5.9

Action                   |  1- 3 |  4- 6 |  7- 9 || total
-------------------------+-------+-------+-------++-------
Melee: Long sword        |    34 |   103 |   174 ||   311
       Constrict         |     9 |    37 |    48 ||    94
       Tentacles         |     6 |    30 |    59 ||    95
Evoke: Wand              |       |       |     6 ||     6
  Use: Scroll            |       |       |     5 ||     5
       Potion            |       |       |     1 ||     1
 Stab: Sleeping          |    10 |     6 |    11 ||    27
       Distracted        |       |     1 |       ||     1
       Confused          |       |       |     1 ||     1
  Eat: Chunk             |       |     3 |     7 ||    10
       Ration            |       |       |     1 ||     1
Armor: Skin              |     3 |     6 |    11 ||    20
Dodge: Dodged            |    12 |    31 |    89 ||   132
Block: Shield            |     8 |    40 |    78 ||   126
       Rpst.: Long sword |     5 |     8 |    28 ||    41

Table legend:
 A = Non-vault XP
 B = Vault XP
 C = Vault XP percentage of total XP
 D = Non-vault monster count
 E = Vault monster count
 F = Vault count percentage of total count
                 A         B        C        D         E       F
            +---------+---------+-------+---------+---------+-------
      Total |    1490 |     869 |  36.8 |     104 |      33 |  24.1
            +---------+---------+-------+---------+---------+-------
        D:1 |      33 |       0 |   0.0 |      15 |       0 |   0.0
        D:2 |      96 |      37 |  27.8 |      24 |      13 |  35.1
        D:3 |     222 |     512 |  69.8 |      32 |       2 |   5.9
        D:4 |     430 |       0 |   0.0 |      12 |       0 |   0.0
        D:5 |     551 |     140 |  20.3 |      17 |       2 |  10.5
        D:6 |     158 |       0 |   0.0 |       4 |       0 |   0.0
    Ossuary |       0 |     180 | 100.0 |       0 |      16 | 100.0
            +---------+---------+-------+---------+---------+-------
